 Dungeon Crawl Stone Soup version 0.29-a0-330-g52719c12eb (webtiles) character file.

Game seed: 12094043240278162785

126 Ajdolov the Skirmisher (level 5, 0/57 HPs)
             Began as an Ogre Cinder Acolyte on Apr 18, 2022.
             Was an Elder of Ignis.
             Slain by Grinder (2 damage)
             ... on level 3 of the Dungeon.
             The game lasted 00:03:26 (3688 turns).

Ajdolov the Skirmisher (Ogre Cinder Acolyte)        Turns: 3688, Time: 00:03:27

Health: 0/57       AC: 10    Str: 18    XL:     5   Next: 9%
Magic:  6/6        EV:  9    Int: 17    God:    Ignis [****..]
Gold:   265        SH:  0    Dex:  4    Spells: 4/6 levels left

rFire   + . .      SeeInvis +   a - -1 mace (flame)
rCold   . . .      Faith    .   (no shield)
rNeg    . . .      Spirit   .   b - +0 robe
rPois   .          Reflect  .   (helmet restricted)
rElec   .          Harm     .   (no cloak)
rCorr   .          Rampage  .   (gloves unavailable)
Will    .....                   (boots unavailable)
Stlth   +.........              (no amulet)
HPRegen 0.19/turn               c - ring of see invisible
MPRegen 0.10/turn               (no ring)

@: fiery-armoured
A: large, unfitting armour, tough skin 1
a: Renounce Religion, Fiery Armour, Foxfire Swarm, Rising Flame


You were on level 3 of the Dungeon.
You worshipped Ignis.
Ignis was greatly pleased with you.
You visited 1 branch of the dungeon, and saw 3 of its levels.

You collected 265 gold pieces.

Inventory:

Hand Weapons
 a - a -1 mace of flaming (weapon)
Missiles
 p - a throwing net (quivered)
Armour
 b - a +0 robe (worn)
Jewellery
 c - a ring of see invisible (left hand)
Scrolls
 e - a scroll of blinking {unknown}
 f - a scroll of fear {unknown}
 h - 3 scrolls of holy word {unknown}
 i - a scroll of magic mapping {unknown}
 j - 3 scrolls of identify {unknown}
 m - a scroll of immolation {unknown}
 r - a scroll of enchant weapon {unknown}
 t - 2 scrolls of fog {unknown}
Potions
 d - a potion of brilliance {unknown}
 g - 2 potions of curing {unknown}
 k - a potion of might {unknown}
 l - a potion of lignification {unknown}
 n - a potion of heal wounds {unknown}
 o - a potion of resistance {unknown}
 q - a potion of mutation {unknown}
 s - a potion of ambrosia {unknown}


   Skills:
 + Level 5.3 Fighting
 * Level 4.4 Maces & Flails
 - Level 1.2 Spellcasting
 - Level 2.6 Fire Magic


You had 4 spell levels left.
You knew the following spells:

 Your Spells              Type           Power      Damage    Failure   Level
a - Scorch                Fire           20%        2d6       11%         2

Your spell library contained the following spells:

 Spells                   Type           Power      Damage    Failure   Level
 Shock                    Conj/Air       4%         1d3       22%         1
 Corpse Rot               Necr/Air       2%         N/A       32%         2
 Poisonous Vapours        Pois/Air       2%         N/A       32%         2
 Swiftness                Air            1%         N/A       54%         3
 Airstrike                Air            0%         N/A       91%         4
 Cause Fear               Hex            0%         N/A       91%         4
 Dragon Form              Tmut           0%         N/A       100%        7
 Dragon's Call            Summ           0%         N/A       100%        9


Dungeon Overview and Level Annotations

Branches:
Dungeon (3/15)

Altars:
Kikubaaqudgha
Qazlal
Sif Muna
Yredelemnul

Annotations:
D:3 Grinder


Innate Abilities, Weirdness & Mutations

You are too large for most types of armour.
You have tough skin. (AC +1)


Message History

Grinder gestures at you. Pain shoots through your body!
* * * LOW HITPOINT WARNING * * *
Unknown command.
You closely miss Grinder.
Grinder is severely wounded.
Grinder blinks!
You start resting.
Grinder is nearby!
Activating: Foxfire Swarm
Press: ? - help, Dir - look around, f - activate Flames leap up around you!
Grinder blinks!
Your foxfire dissipates!
Your foxfire dissipates!
Okay, then.
What are your orders? t - Shout!
Orders for allies: a - Attack new target. r - Retreat! s - Stop attacking. g - Guard the area. f - Follow me.
Anything else - Cancel.
Gang up on whom?
Press: ? - help, Dir - move target, f - Grinder
Aim: Grinder (severely wounded, ally target) Attack!
Your foxfire dissipates! x2
Unknown command.
Grinder hits you but does no damage.
Grinder is burned by your cloak of flames.
Grinder is almost dead.
You barely miss Grinder.
Grinder is almost dead.
Grinder gestures at you. You resist with significant effort.
You barely miss Grinder.
Grinder is almost dead.
Grinder hits you.
* * * LOW HITPOINT WARNING * * *
You writhe in agony.
You die...

..#.#.#.# ..#.#.#.#
..###.#.# ......#.#
#.....#.#.##
#.......#....
##....#.#.....
#########
#....##################
......
#....5@........§.......
########
#.#..##################
.......# #. .#####. #
#.......... .....# #..
#.......(.. .###.#
#...# #..........
.###.### #.#.#
#....≈≈≈... .....#..
...#.#.# #...≈≈≈≈≈..
######.# #..#.#.#
#...≈≈.≈≈..


You could see Grinder.

Vanquished Creatures
  3 gnolls (D:3)
  A river rat (D:3)
  4 dart slugs
  An orc (D:3)
  6 bats
  5 endoplasms
  4 giant cockroaches
  8 goblins
  13 hobgoblins
  3 jackals (D:2)
  5 quokkas
  6 ball pythons
  2 frilled lizards
  6 kobolds
  3 rats
70 creatures vanquished.

Vanquished Creatures (others)
  3 foxfires (D:3)
3 creatures vanquished.

Grand Total: 73 creatures vanquished

Notes
Turn   | Place    | Note
-------+----------+-------------------------------------------
     0 | D:1      | Ajdolov the Ogre Cinder Acolyte began the quest for the
                  | Orb.
     0 | D:1      | Reached XP level 1. HP: 24/24 MP: 2/2
   128 | D:1      | Reached XP level 2. HP: 8/32 MP: 3/3
   624 | D:1      | Reached XP level 3. HP: 29/40 MP: 4/4
  1238 | D:2      | Learned a level 2 spell: Scorch
  1846 | D:2      | Found a faded altar of an unknown god.
  2368 | D:3      | Found a stormy altar of Qazlal.
  2371 | D:3      | Reached XP level 4. HP: 48/49 MP: 5/5
  2375 | D:3      | Found an ancient bone altar of Kikubaaqudgha.
  2375 | D:3      | Found a shimmering blue altar of Sif Muna.
  2583 | D:3      | Reached skill level 5 in Fighting
  2760 | D:3      | Found a basalt altar of Yredelemnul.
  3335 | D:3      | Reached XP level 5. HP: 38/57 MP: 6/6
  3662 | D:3      | Noticed Grinder
  3668 | D:3      | Paralysed by Grinder for 3 turns
  3675 | D:3      | Paralysed by Grinder for 2 turns
  3678 | D:3      | HP: 1/57 [Grinder/nerve-wracking pain (11)]
  3688 | D:3      | HP: 2/57 [Grinder (1)]
  3688 | D:3      | Slain by Grinder

Illustrated notes

Levels and vault maps discovered:
D:1:      evilmike_arrival_plus, layout_loops_ring,
          amcnicky_mini_corridor_feature
D:2:      layout_basic, hellmonk_ecumenical_altar_heavens_door
D:3:      cheibrodos_greedy_goblins, layout_basic, lemuel_doored_altar,
          grunt_temple_overflow_open, portal_sewer_entry_a,
          kennysheep_generic_room_9, uniq_grinder

Skill      XL: |  1  2  3  4 |
---------------+-------------+-----
Maces & Flails | 3 4 |  4.4
Fighting       | 5 |  5.3
Spellcasting   | |  1.2
Fire Magic     | |  2.6

Action                   |  1- 3 |  4- 6 || total
-------------------------+-------+-------++-------
Melee: Mace              |   123 |   114 ||   237
       Punch             |     2 |     1 ||     3
Invok: Fiery Armour      |       |     2 ||     2
       Foxfire Swarm     |       |     1 ||     1
Armor: Robe              |    50 |    31 ||    81
Dodge: Dodged            |    85 |    52 ||   137

Table legend: (Time is in decaauts)
 A = Elapsed time spent in this place.
 B = Non-inter-level travel time spent in this place.
 C = Inter-level travel time spent in this place.
 D = Time resting spent in this place.
 E = Time spent auto-exploring this place.
 F = Levels seen in this place.
 G = Mean time per level.
                   A        B        C        D        E       F      G
               +--------+--------+--------+--------+--------+-----+--------+
         Total |   3736 |   3726 |     10 |    687 |   2472 |   3 | 1245.3 |
       Dungeon |   3736 |   3726 |     10 |    687 |   2472 |   3 | 1245.3 |
               +--------+--------+--------+--------+--------+-----+--------+

Top non-repeatable levels by time:
     D:3: 1357 daAuts
     D:1: 1198 daAuts
     D:2: 1180 daAuts
